AoeStats
← NuMa | Gacha

MegaRandom

510790555Analyzed
3v3 RM · 15h ago on Oct 2, 2026· 31m 19s· 6 players
Game mode
Random Map
Map size
Normal (6 player)
Population
200
Speed
Normal
Resources
Standard
Victory
Conquest
Starting age
Dark Age
Ending age
Imperial Age
RankedLock teamsTeams togetherTeam positionsShared explorationLock speedFull tech treeHidden civsTurbo modeCheats
Victory
Defeat
🇨🇴 Magyars · Colombia
1248
+14
🇨🇴 Italians · Colombia
1151
+18
🇨🇴 Varangians · Colombia
1132
+20
🇹🇼 Britons · Taiwan
1214
-18
🇹🇼 Koreans · Taiwan
1214
-18
🇩🇰 Varangians · Denmark
1182
-16
CL0UD
10:18 Loom
13:09 Feudal Age
CYTR.波力士上帝
6:19 Loom
9:15 Feudal Age
11:14 Double-Bit Axe
24:25 Castle Age
24:42 Scale Mail Armor
26:38 Forging
27:08 Bow Saw
27:26 Fletching
CYTR.波吉
6:24 Loom
8:54 Feudal Age
11:54 Fletching
15:43 Padded Archer Armor
23:08 Wheelbarrow
26:36 Castle Age
25:14 Double-Bit Axe
25:10 Horse Collar
27:44 Bow Saw
26:56 Crossbowman
27:32 Bodkin Arrow
28:33 Town Watch
29:14 Gold Mining
31:06 Leather Archer Armor
NuMa | Gacha
7:54 Loom
11:07 Feudal Age
12:15 Double-Bit Axe
21:50 Wheelbarrow
25:36 Castle Age
24:26 Gold Mining
25:11 Bloodlines
26:15 Scale Barding Armor
29:21 Chain Barding Armor
NuMa | Reize
6:38 Loom
9:47 Feudal Age
10:19 Double-Bit Axe
11:27 Bloodlines
21:00 Scale Barding Armor
21:43 Forging
25:12 Castle Age
26:17 Chain Barding Armor
26:31 Husbandry
NuMa | DraKKo
7:56 Loom
10:24 Feudal Age
11:07 Double-Bit Axe
16:39 Scale Barding Armor
17:09 Bloodlines
23:32 Castle Age
23:21 Horse Collar
23:32 Gold Mining
23:33 Stone Mining
26:28 Heavy Plow
29:14 Chain Barding Armor
29:32 Husbandry
29:37 Town Watch
Connection lost

Rejoining the realm…

Still unreachable

The connection could not be restored.

Session expired

The server has moved on; the page needs a fresh start.